 Dungeon Crawl Stone Soup version 0.26.0-11-g8f856b5395 (webtiles) character file.

Game seed: 12693644933267871382

5066 Marvel the Cleaver (level 10, 0/88 HPs)
             Began as a Hill Orc Fighter on Jan 15, 2021.
             Was a High Priest of Okawaru.
             Slain by a shadow (32 damage)
             ... on level 9 of the Dungeon.
             The game lasted 00:08:15 (9608 turns).

Marvel the Cleaver (Hill Orc Fighter)               Turns: 9608, Time: 00:08:15

Health: 0/88       AC: 13    Str: 25    XL:     10   Next: 56%
Magic:  10/10      EV: 10    Int: 10    God:    Okawaru [*****.]
Gold:   200        SH: 12    Dex: 10    Spells: 9/9 levels left

rFire    . . .     SeeInvis .   x - +5 morningstar "Rasoatow" {holy, rC+}
rCold    + . .     Faith    .   c - +1 kite shield
rNeg     . . .     Spirit   .   b - +0 scale mail
rPois    .         Reflect  .   k - +1 helmet
rElec    .         Harm     .   E - +0 cloak
rCorr    .         Rampage  .   t - +0 pair of gloves
Will     .....                  (no boots)
Stlth    ..........             (no amulet)
HPRegen  0.24/turn              (no ring)
MPRegen  0.12/turn              (no ring)

@: studying Short Blades
A: clever 1, strong 1
a: Renounce Religion, Heroism, Finesse


You were on level 9 of the Dungeon.
You worshipped Okawaru.
Okawaru was extremely pleased with you.
You visited 1 branch of the dungeon, and saw 9 of its levels.

You collected 555 gold pieces.
You spent 355 gold pieces at shops.

Inventory:

Hand Weapons
 a - a +0 war axe
 x - the +5 morningstar "Rasoatow" (weapon) {holy, rC+}
   (You bought it in a shop on level 6 of the Dungeon)

   It has been blessed by the Shining One to cause great damage to the undead
   and demons.
   It protects you from cold.
 D - a +2 short sword of venom
Missiles
 r - 44 poisoned darts (quivered)
Armour
 b - a +0 scale mail (worn)
 c - a +1 kite shield (worn)
 k - a +1 helmet (worn)
 t - a +0 pair of gloves (worn)
 E - a +0 cloak (worn)
Jewellery
 p - an uncursed ring of willpower
 y - an uncursed ring of stealth {unknown}
Wands
 q - a wand of polymorph (3)
 v - a wand of flame (19)
 A - a wand of acid (2)
 C - a wand of enslavement (5)
 F - a wand of random effects (17)
Scrolls
 f - a scroll of teleportation {unknown}
 g - 2 scrolls of blinking {unknown}
 j - 2 scrolls of magic mapping {unknown}
 n - 9 scrolls of identify {unknown}
 o - a scroll of amnesia {unknown}
 s - a scroll of noise {unknown}
 u - a scroll of fear {unknown}
Potions
 d - a potion of cancellation {unknown}
 e - a potion of haste {unknown}
 h - a potion of flight
 i - 5 potions of heal wounds
 l - 2 potions of lignification {unknown}
 m - 3 potions of magic {unknown}
 w - a potion of ambrosia {unknown}
 z - a potion of resistance {unknown}
Books
 B - a manual of Short Blades


   Skills:
 + Level 7.9 Fighting
 + Level 9.2(10.9) Axes
 + Level 7.9(9.3) Maces & Flails
 + Level 0.4 Throwing
 + Level 7.6 Armour
 + Level 2.7 Dodging
 + Level 1.3 Stealth
 + Level 8.0 Shields
 + Level 0.2 Invocations


You had 9 spell levels left.
You didn't know any spells.
Your spell library contained the following spells:

 Spells                   Type           Power        Failure   Level
 Animate Skeleton         Necr           0%           89%         1
 Apportation              Tloc           0%           89%         1
 Corona                   Hex            0%           89%         1
 Pain                     Necr           0%           89%         1
 Sting                    Tmut/Pois      0%           89%         1
 Summon Small Mammal      Summ           0%           89%         1
 Poisonous Vapours        Pois/Air       0%           96%         2
 Ignite Poison            Fire/Tmut/Pois 0%           99%         3
 Mephitic Cloud           Conj/Pois/Air  0%           99%         3
 Vampiric Draining        Necr           0%           99%         3
 Animate Dead             Necr           0%           100%        4
 Olgreb's Toxic Radiance  Pois           0%           100%        4
 Agony                    Necr           0%           100%        5


Dungeon Overview and Level Annotations

Branches:
Dungeon (9/15)             Temple (0/1) D:4             Orc (0/2) D:9
   Lair: D:8-11

Altars:
Ashenzari
Hepliaklqana
Nemelex Xobeh
Okawaru
Sif Muna

Shops:
D:6 !*

Annotations:
D:5 3 runed translucent doors, qipq's ghost, amateur OpFi


Innate Abilities, Weirdness & Mutations

Your mind is acute. (Int +2)
Your muscles are strong. (Str +2)


Message History

There are monsters nearby!
There are monsters nearby!
There are monsters nearby!
There are monsters nearby!
There are monsters nearby!
You are too injured to fight recklessly!
There are monsters nearby!
You block the orc zombie's attack. The ogre zombie closely misses you.
The orc zombie hits you.
* * * LOW HITPOINT WARNING * * *
The shadow slips into darkness.
The shadow flickers and vanishes!
Deactivating autopickup; reactivate with Ctrl-A.
Things that are here:
a cursed +0 hand axe; a +0 robe
Things that are here:
a cursed +0 dagger; a +0 robe
There is a stone staircase leading down here.
The shadow strikes at you from the darkness!
You die...
ZZZZ..#

#.# Z8oZ..# #.# ZZ.#######
#.#### Z.!......#####.##.##
Z######........†...## Z#
#..##.........##### .#
####..##.##..........# .#
#........#...#.#####.########
.# #.##..###....@##
#........# )# #.##..####...##
#<######.# .###)##.....>...#
#.#### ...Z)....#####.##
#....# ####.##### #.# #.##.#
#.# #+# #.##.###.# #.#
#...(....# ..# ####(##### ..#
##.#)#


There were no monsters in sight!

Vanquished Creatures
  A two-headed ogre (D:8)
  Maurice (D:8)
  Prince Ribbit (D:7)
  A wyvern (D:8)
  A yak (D:8)
  A wraith (D:9)
  Grum (D:8)
  A water moccasin (D:9)
  2 orc warriors (D:7)
  A necrophage (D:7)
  4 wolves (D:8)
  3 ogres
  2 phantoms
  2 centaurs
  A big kobold (D:8)
  3 bullfrogs
  3 scorpions
  A troll zombie (D:9)
  5 killer bees (D:7)
  7 wights
  A howler monkey (D:5)
  2 quasits
  2 jellies
  A bullfrog zombie (D:6)
  2 hounds (D:7)
  7 orc wizards
  2 orc priests
  2 bullfrog skeletons (D:5)
  Jessica (D:2)
  3 iguanas
  Crazy Yiuf (D:6)
  5 worker ants
  An ogre zombie (D:9)
  2 hound skeletons
  A howler monkey zombie (D:8)
  Robin (D:2)
  A howler monkey skeleton (D:5)
  7 adders
  2 shadow imps
  A white imp (D:5)
  An ufetubus (D:6)
  2 oozes
  An adder zombie (D:8)
  An adder skeleton (D:7)
  A worm (D:3)
  2 dart slugs
  4 leopard geckos
  24 orcs
  3 ball pythons
  4 giant cockroaches
  18 goblins
  6 hobgoblins
  9 jackals
  3 quokkas
  7 bats
  8 frilled lizards
  A hobgoblin skeleton (D:9)
  2 hobgoblin zombies (D:9)
  12 kobolds
  An orc skeleton (D:9)
  4 orc zombies (D:9)
  6 rats
207 creatures vanquished.

Notes
Turn   | Place    | Note
-------+----------+-------------------------------------------
     0 | D:1      | Marvel the Hill Orc Fighter began the quest for the Orb.
     0 | D:1      | Reached XP level 1. HP: 19/19 MP: 1/1
    14 | D:1      | Noticed a minotaur zombie
    18 | D:1      | Noticed a merfolk zombie
    82 | D:1      | Reached XP level 2. HP: 26/26 MP: 2/2
   765 | D:2      | Found a broken altar of Ashenzari.
   791 | D:2      | Reached skill level 3 in Axes
   827 | D:2      | Reached XP level 3. HP: 32/33 MP: 3/3
   840 | D:2      | Noticed Robin
   859 | D:2      | Killed Robin
  1121 | D:2      | Noticed Jessica
  1131 | D:2      | Killed Jessica
  1132 | D:2      | Reached skill level 4 in Axes
  1132 | D:2      | Reached XP level 4. HP: 15/40 MP: 4/4
  1138 | D:2      | Gained mutation: Scrolls take you a little longer to read.
                  | [potion of mutation]
  1138 | D:2      | Lost mutation: Scrolls take you a little longer to read.
                  | [potion of mutation]
  1138 | D:2      | Gained mutation: Your mind is acute. (Int +2) [potion of
                  | mutation]
  1138 | D:2      | Gained mutation: Your muscles are strong. (Str +2) [potion
                  | of mutation]
  1673 | D:3      | Reached XP level 5. HP: 43/46 MP: 5/5
  1698 | D:3      | Found an iron altar of Okawaru.
  1706 | D:3      | Became a worshipper of Warmaster Okawaru
  2171 | D:3      | Reached skill level 5 in Axes
  2171 | D:3      | Reached XP level 6. HP: 34/53 MP: 6/6
  2555 | D:3      | Reached * piety under Okawaru
  2559 | D:3      | Reached skill level 5 in Shields
  2765 | D:3      | Found a hazy altar of Hepliaklqana.
  2765 | D:3      | Found an iron altar of Okawaru.
  2983 | D:4      | Reached skill level 6 in Axes
  3121 | D:4      | Reached skill level 1 in Dodging
  3295 | D:4      | Reached skill level 5 in Fighting
  3295 | D:4      | Reached XP level 7. HP: 53/61 MP: 7/7
  3355 | D:4      | Reached skill level 7 in Axes
  3561 | D:4      | Reached ** piety under Okawaru
  3924 | D:4      | Found a staircase to the Ecumenical Temple.
  4115 | D:5      | Entered Level 5 of the Dungeon
  4332 | D:5      | Reached skill level 8 in Axes
  4332 | D:5      | Reached skill level 5 in Armour
  4332 | D:5      | Reached XP level 8. HP: 50/69 MP: 8/8
  4561 | D:5      | Noticed qipq's ghost (amateur OpFi)
  4576 | D:5      | Found a runed translucent gate.
  4576 | D:5      | Found a runed translucent gate.
  4576 | D:5      | Found a runed translucent gate.
  4587 | D:5      | Found a sparkling altar of Nemelex Xobeh.
  4855 | D:6      | Found a runed translucent door.
  4856 | D:6      | Noticed Crazy Yiuf
  5055 | D:6      | Reached skill level 9 in Axes
  5556 | D:6      | Found Weizoig's Assorted Antiques.
  5563 | D:6      | Bought an ancient morningstar for 243 gold pieces
  5563 | D:6      | Identified the +5 morningstar "Rasoatow" {holy, rC+} (You
                  | bought it in a shop on level 6 of the Dungeon)
  5586 | D:6      | Found Icwixusm's Distillery.
  5589 | D:6      | Bought a potion of heal wounds for 70 gold pieces
  5589 | D:6      | Bought a potion of curing for 42 gold pieces
  6076 | D:6      | Killed Crazy Yiuf
  6183 | D:7      | Reached *** piety under Okawaru
  6222 | D:7      | Reached skill level 1 in Maces & Flails
  6637 | D:7      | Reached XP level 9. HP: 56/75 MP: 9/9
  6999 | D:7      | Noticed Prince Ribbit
  7007 | D:7      | Killed Prince Ribbit
  7476 | D:7      | Reached skill level 1 in Stealth
  7597 | D:7      | Found a shimmering blue altar of Sif Muna.
  7886 | D:8      | Reached skill level 5 in Maces & Flails
  7953 | D:8      | Reached **** piety under Okawaru
  8382 | D:8      | Noticed Maurice
  8398 | D:8      | Killed Maurice
  8399 | D:8      | Reached XP level 10. HP: 41/84 MP: 10/10
  8893 | D:8      | Noticed Grum
  8911 | D:8      | Killed Grum
  9185 | D:8      | Noticed a two-headed ogre
  9192 | D:8      | Killed a two-headed ogre
  9571 | D:9      | Found a staircase to the Orcish Mines.
  9580 | D:9      | Reached ***** piety under Okawaru
  9608 | D:9      | Slain by a shadow

Illustrated notes

Levels and vault maps discovered:
D:1:      shiori_arrival_whats_in_store_for_you, layout_basic,
          serial_corexii_hall, corexii_hall_statues_deadend,
          corexii_hall_statues_i, chequers_hall_statues_corner_a,
          corexii_hall_statues_deadend, hangedman_glass_teeth
D:2:      layout_loops_cross, evilmike_ruin_ashenzari, uniq_robin, uniq_jessica
D:3:      layout_loops_ring, amethyst_overflow_temple_binary,
          kennysheep_okawaru_gauntlet
D:4:      layout_loops_ring, temple_statues
D:5:      layout_basic, nemelex_xobeh_ov_fountains_minmay, gammafunk_ghost_split
D:6:      layout_gridville, serial_shops, nicolae_shop_trees, shop,
          uniq_crazy_yiuf_cottage
D:7:      kennysheep_orc_sif_temple, layout_basic, uniq_prince_ribbit1
D:8:      layout_loops_corners, minmay_manual_monstrance, uniq_grum,
          uniq_maurice
D:9:      layout_loops_corners, zombieorc2_lemuel

Skill      XL: |  1  2  3  4  5  6  7  8  9 10 |
---------------+-------------------------------+-----
Axes           | 3 4 5 6 8 9 |  9.2
Shields        | 4 5 6 7 8 |  8.0
Fighting       | 4 5 6 7 |  7.9
Armour         | 4 5 6 7 |  7.6
Dodging        | 1 2 |  2.7
Maces & Flails | 1 6 7 |  7.9
Stealth        | 1 |  1.3
Throwing       | |  0.4
Invocations    | |  0.2

Action                   |  1- 3 |  4- 6 |  7- 9 | 10-12 || total
-------------------------+-------+-------+-------+-------++-------
Melee: War axe           |    86 |   170 |   182 |       ||   438
       Morningstar       |       |       |   199 |    92 ||   291
Throw: Dart              |       |     5 |       |       ||     5
Invok: Heroism           |       |       |     2 |       ||     2
  Use: Potion            |     1 |     6 |     5 |       ||    12
       Scroll            |       |       |     2 |       ||     2
Armor: Scale mail        |    35 |    53 |   169 |    33 ||   290
Dodge: Dodged            |    24 |    50 |   139 |    36 ||   249
Block: Kite shield       |    41 |   105 |   223 |    70 ||   439
